 Dungeon Crawl Stone Soup version 0.20.0-6-gd3061e9 (webtiles) character file.

1215 Gataroth the Cudgeler (level 8, 0/63 HPs)
             Began as a Demonspawn Berserker on May 28, 2017.
             Was a Priest of Trog.
             Slain by a wyvern skeleton (7 damage)
             ... on level 6 of the Dungeon.
             The game lasted 00:25:01 (4182 turns).

Gataroth the Cudgeler (Demonspawn Berserker)        Turns: 4182, Time: 00:25:02

Health: 0/63       AC: 13    Str: 20    XL:     8   Next: 22%
Magic:  8/8        EV:  8    Int:  9    God:    Trog [***...]
Gold:   222        SH:  0    Dex: 12    Spells: 7/7 levels left

rFire    x . .     SeeInvis .   a - +7 club
rCold    + + .     Gourm    .   (no shield)
rNeg     . . .     Faith    .   m - +0 chain mail
rPois    .         Spirit   .   y - +0 helmet
rElec    .         Reflect  .   (no cloak)
rCorr    .         Harm     .   (no gloves)
MR       ++...                  (no boots)
Stlth    ..........             s - amulet of regeneration
Regen    1.6/turn               u - ring of ice
MPRegen  0.2/turn               (no ring)

@: regenerating
A: talons 1, molten scales 2, cold resistance 1, spiny 1, freezing cloud
immunity
a: Berserk, Trog's Hand, Burn Spellbooks, Renounce Religion


You were on level 6 of the Dungeon.
You worshipped Trog.
Trog was most pleased with you.
You were very hungry.

You visited 1 branch of the dungeon, and saw 6 of its levels.

You collected 222 gold pieces.

Inventory:

Hand Weapons
 a - a +7 club (weapon)
 r - a +1 scythe of flaming
 C - the +8 trident of the Illusory Stories {vamp, rElec, unknown}
   (You found it on level 4 of the Dungeon)

   It inflicts no extra harm, but heals its wielder when it wounds a living foe.
   It insulates you from electricity.
Missiles
 f - 73 stones (quivered)
Armour
 m - a +0 chain mail (worn)
 y - a +0 helmet (worn)
 E - a +0 scale mail
Jewellery
 j - an uncursed ring of protection from magic {unknown}
 s - an amulet of regeneration (around neck)
 u - a ring of ice (left hand)
 w - an uncursed ring of protection from magic {unknown}
Wands
 l - a wand of polymorph (15/24)
 B - a wand of lightning (5/15)
Scrolls
 b - 2 scrolls of teleportation {unknown}
 d - 2 scrolls of random uselessness {unknown}
 k - 2 scrolls of amnesia {unknown}
 o - 3 scrolls of identify {unknown}
 p - a scroll of recharging {unknown}
 v - a scroll of magic mapping {unknown}
 D - 2 scrolls of immolation {unknown}
 F - a scroll of remove curse {unknown}
 H - a scroll of torment {unknown}
 J - a scroll of fog {unknown}
Potions
 e - a potion of resistance {unknown}
 g - a potion of brilliance {unknown}
 h - 5 potions of curing {unknown}
 i - a potion of degeneration {unknown}
 n - 2 potions of haste {unknown}
 q - 2 potions of flight {unknown}
 x - 2 potions of heal wounds {unknown}
 G - a potion of lignification {unknown}
 I - a potion of agility {unknown}
Books
 A - a book of Misfortune

   Spells                             Type                      Level
   a - Confusing Touch                Hexes                        1
   b - Confuse                        Hexes                        3
   c - Gell's Gravitas                Translocation                3
   d - Petrify                        Transmutation/Earth          4
   e - Metabolic Englaciation         Hexes/Ice                    5
   f - Yara's Violent Unravelling     Hexes/Transmutation          5
   Trog disapproves of the use of such an item.
Comestibles
 c - a bread ration
 t - a fruit
 z - 2 meat rations


   Skills:
 * Level 5.5 Fighting
   Level 3.8(5.5) Axes
 * Level 6.1(6.6) Maces & Flails
 + Level 3.5 Armour
 + Level 2.7 Dodging
 + Level 0.8 Stealth


You had 7 spell levels left.
You didn't know any spells.

Dungeon Overview and Level Annotations

Branches:
Dungeon (6/15)             Temple (0/1) D:6

Altars:
Fedhas
Gozag
Okawaru
Qazlal
Ru
Yredelemnul


Innate Abilities, Weirdness & Mutations

You have sharp toenails.
You are mostly covered in molten scales. (AC +3)
Your flesh is cold resistant. (rC+)
You are partially covered in sharp spines.
You are immune to freezing clouds.


Message History

The wyvern skeleton is struck by your spines.
The wyvern skeleton misses you.
The orc warrior is struck by your spines.
The orc warrior hits you with a scimitar!
You hit the orc warrior but do no damage.
The orc warrior is moderately wounded.
The wyvern skeleton bites you but does no damage.
The orc warrior hits you with a scimitar!
* * * LOW HITPOINT WARNING * * *
The wyvern skeleton is struck by your spines.
The wyvern skeleton bites you!
* * * LOW HITPOINT WARNING * * *
Okay, then.
Unknown command.
Your skin crawls.
You feel resistant to hostile enchantments.
You feel somewhat more hungry.
The wyvern skeleton is struck by your spines.
The wyvern skeleton bites you!
You die...

#.#.#...# #.#....#
.###.#.#...###.#....# ##
............. ......+ ....
.####......#####.....##.#..
...........+...............
#####.....###.(...#......
#....J# #...........#
###...oZ###.......##..#.
#...###@........<.......
#...# #...............#.
#...# #....###...###..#
#.Zo# #....# #.⌠.# .#
...##...######## #...# #
.......J.# ......
####.....# ⌠..>..⌠ #......#
....... ##.....#


You could see an orc warrior, a jelly and a wyvern skeleton.

Vanquished Creatures
  Sigmund (D:4)
  A hungry ghost (D:5)
  Menkaure (D:4)
  A sky beast (D:3)
  An ogre (D:6)
  A bullfrog (D:4)
  2 scorpions
  An orc priest (D:4)
  A hound (D:4)
  A centaur skeleton (D:4)
  Jessica (D:2)
  3 orc wizards
  A hound skeleton (D:3)
  A worker ant zombie (D:5)
  Robin (D:4)
  3 gnolls (D:4)
  8 adders
  2 worms
  3 dart slugs
  2 leopard geckos
  10 orcs
  2 ball pythons (D:3)
  9 giant cockroaches
  12 goblins
  10 hobgoblins
  4 jackals (D:3)
  11 kobolds
  2 quokkas
  7 bats
  9 frilled lizards
  6 rats
118 creatures vanquished.

Notes
Turn   | Place    | Note
-------+----------+-------------------------------------------
     0 | D:1      | Gataroth the Demonspawn Berserker began the quest for the Orb.
     0 | D:1      | Reached XP level 1. HP: 18/18 MP: 1/1
   373 | D:2      | Gained mutation: Your flesh is cold resistant. (rC+) [demonic ancestry]
   373 | D:2      | Reached XP level 2. HP: 20/24 MP: 2/2
   819 | D:1      | Reached ** piety under Trog
  1262 | D:1      | Reached XP level 3. HP: 27/29 MP: 3/3
  1585 | D:2      | Gained mutation: You are immune to freezing clouds. [demonic ancestry]
  1585 | D:2      | Reached XP level 4. HP: 37/37 MP: 4/4
  1734 | D:2      | Found an iron altar of Okawaru.
  1769 | D:3      | Found a faded altar of an unknown god.
  1813 | D:3      | Found a stormy altar of Qazlal.
  1861 | D:2      | Found an opulent altar of Gozag.
  1971 | D:2      | Noticed Jessica
  1974 | D:2      | Killed Jessica
  2190 | D:2      | Found a blossoming altar of Fedhas.
  2567 | D:3      | Gained mutation: You are partially covered in molten scales. (AC +2) [demonic ancestry]
  2567 | D:3      | Reached XP level 5. HP: 42/42 MP: 5/5
  2855 | D:3      | Reached skill level 1 in Maces & Flails
  2869 | D:3      | Noticed a sky beast
  2876 | D:3      | Reached *** piety under Trog
  2888 | D:3      | Killed a sky beast
  2888 | D:3      | Reached skill level 2 in Maces & Flails
  2888 | D:3      | Gained mutation: You are partially covered in sharp spines. [demonic ancestry]
  2888 | D:3      | Reached XP level 6. HP: 38/49 MP: 6/6
  3142 | D:4      | Reached skill level 3 in Maces & Flails
  3172 | D:5      | Entered Level 5 of the Dungeon
  3205 | D:4      | Got an ivory trident
  3314 | D:4      | Gained mutation: You have sharp toenails. [demonic ancestry]
  3314 | D:4      | Reached XP level 7. HP: 55/55 MP: 7/7
  3386 | D:4      | Noticed Sigmund
  3398 | D:4      | Killed Sigmund
  3398 | D:4      | Reached skill level 4 in Maces & Flails
  3512 | D:4      | Reached skill level 5 in Fighting
  3518 | D:4      | Found a sacrificial altar of Ru.
  3542 | D:4      | Noticed Robin
  3557 | D:4      | Killed Robin
  3611 | D:4      | Noticed Menkaure
  3628 | D:4      | Killed Menkaure
  3628 | D:4      | Reached skill level 5 in Maces & Flails
  3665 | D:4      | Found a basalt altar of Yredelemnul.
  3815 | D:6      | Gained mutation: You are mostly covered in molten scales. (AC +3) [demonic ancestry]
  3815 | D:6      | Reached XP level 8. HP: 26/62 MP: 8/8
  4103 | D:6      | Found a staircase to the Ecumenical Temple.
  4116 | D:5      | Reached skill level 6 in Maces & Flails
  4119 | D:5      | Paralysed by fainting for 7 turns
  4166 | D:6      | Noticed a troll
  4182 | D:6      | Slain by a wyvern skeleton

Skill      XL: |  1  2  3  4  5  6  7  8 |
---------------+-------------------------+-----
Dodging        | 2 |  2.7
Axes           | 3 |  3.8
Armour         | 2 3 |  3.5
Fighting       | 4 5 |  5.5
Maces & Flails | 2 3 5 6 |  6.1
Stealth        | |  0.8

Action                   |  1- 3 |  4- 6 |  7- 9 || total
-------------------------+-------+-------+-------++-------
Melee: Hand axe          |   113 |    46 |       ||   159
       Club              |       |   126 |    57 ||   183
       Kick              |       |       |    11 ||    11
Invok: Berserk           |     1 |     2 |     3 ||     6
       Trog's Hand       |     1 |       |     3 ||     4
  Eat: Chunk             |     3 |     8 |     5 ||    16
       Fruit             |       |       |     2 ||     2
Armor: Animal skin       |    28 |     1 |       ||    29
       Chain mail        |       |   103 |    30 ||   133
Dodge: Dodged            |    76 |    66 |    13 ||   155
